[Event "Live Chess"]
[Site "Chess.com"]
[Date "2023.05.20"]
[Round "-"]
[White "Inglaterra"]
[Black "ramses-IIG"]
[Result "1-0"]
[WhiteElo "2076"]
[BlackElo "785"]
[TimeControl "300"]
[EndTime "11:04:27 PDT"]
[Termination "Inglaterra won by checkmate"]

1. e4 d5 2. exd5 Qxd5 3. d4 Qe6+ 4. Be2 Qg6 5. Bf3 c6 6. Ne2 e6 7. O-O h5 8. c4 h4 9. h3 Bd6 10. Nbc3 Qf6 11. Ne4 Qe7 12. Bg5 f6 13. Nxd6+ Qxd6 14. Bf4 Qb4 15. Qc2 Nh6 16. Qg6+ Kf8 17. a3 Qxb2 18. Bd6+ Kg8 19. Bh5 Nf5 20. Qe8+ Kh7 21. Bg6+ Kh6 22. Bf4# 1-0

[Event "Live Chess"]
[Site "Chess.com"]
[Date "2023.05.20"]
[Round "-"]
[White "LodeshChess"]
[Black "lHolyDiverl"]
[Result "1-0"]
[WhiteElo "956"]
[BlackElo "560"]
[TimeControl "300"]
[EndTime "11:04:30 PDT"]
[Termination "LodeshChess won by resignation"]

1. e4 c6 2. Nf3 d5 3. d3 dxe4 4.
Ng5 Nf6 5. Nc3 exd3 6. Bxd3 h6 7. Nxf7 Kxf7 8. Bg6+ Kxg6 9. Qxd8 Nbd7 10. Qc7 Nd5 11. Qg3+ 1-0

[Event "Live Chess"]
[Site "Chess.com"]
[Date "2023.05.20"]
[Round "-"]
[White "ACx04"]
[Black "stevegleds"]
[Result "0-1"]
[WhiteElo "411"]
[BlackElo "614"]
[TimeControl "300"]
[EndTime "11:04:31 PDT"]
[Termination "stevegleds won by checkmate"]

1. e4 e5 2. Nf3 Nf6 3. Nxe5 d6 4. Nf3 Nxe4 5. Qe2 Qe7 6. d3 Nf6 7. Qxe7+ Bxe7 8. Be3 O-O 9. Nc3 Re8 10. O-O-O d5 11. d4 Nc6 12. Ne5 Nxe5 13. dxe5 Ne4 14. Nxe4 dxe4 15.
f4 exf3 16. gxf3 Bf5 17. c3 Rad8 18. Bd3 Bxd3 19. Rxd3 Rxd3 20. Kc2 Rxe3 21. Rb1 Rxe5 22. b4 Re2+ 23. Kb3 Rxh2 24. a4 b6 25. a5 b5 26. c4 c6 27. cxb5 cxb5 28. Rb2 Rh3 29. Ka3 a6 30. Rb3 Rd8 31. f4 Rdd3 32. Rxd3 Rxd3+ 33. Kb2 Bxb4 34. Kc2 Rh3 35. f5 f6 36. Kb2 Bxa5 37.
Kc2 b4 38. Kd2 b3+ 39. Kc1 Rh2 40. Kb1 b2 41. Ka2 b1=Q+ 42. Kxb1 Kf8 43. Kc1 Ke7 44. Kd1 Kd6 45. Kc1 Kd5 46. Kb1 Kd4 47. Ka1 Kc3 48.
Kb1 Rg2 49. Kc1 Rg1# 0-1

[Event "Live Chess"]
[Site "Chess.com"]
[Date "2023.05.20"]
[Round "-"]
[White "jusjoel"]
[Black "Bot_Boy"]
[Result "0-1"]
[WhiteElo "265"]
[BlackElo "332"]
[TimeControl "300"]
[EndTime "11:04:38 PDT"]
[Termination "Bot_Boy won on time"]

1. d4 d5 2. e3 Nc6 3. Bb5 Bd7 4. Qh5 Nf6 5. Qf3 Nb4 6. Bxd7+ Qxd7 7. Ne2 Nxc2+ 8.
Kd2 Nxa1 9. Nbc3 e6 10. Nf4 Bb4 11. a3 Bxc3+ 12. bxc3 Qa4 13. Bb2 Qc2+ 14. Ke1 Nb3 15.
Kf1 Nd2+ 16. Ke2 Nxf3+ 17. Kxf3 g5 18. a4 gxf4 19. Ba3 fxe3 20. Rc1 Qe4+ 0-1

[Event "Live Chess"]
[Site "Chess.com"]
[Date "2023.05.20"]
[Round "-"]
[White "BostonStrangler"]
[Black "BJAW87"]
[Result "1-0"]
[WhiteElo "2079"]
[BlackElo "1438"]
[TimeControl "300"]
[EndTime "11:04:45 PDT"]
[Termination "BostonStrangler won by resignation"]

1. Nf3 d5 2. g3 c5 3. Bg2 Nf6 4. c4 d4 5. b4 b6 6. bxc5 Bb7 7.
Qa4+ Bc6 8. Qb3 bxc5 9. O-O Nbd7 10. d3 e5 11. Re1 Qb6 12. Nxe5 Bxg2 13. Nxd7 Kxd7 14.
Qxb6 axb6 15. Kxg2 h5 16. a4 h4 17. Bd2 hxg3 18.
fxg3 Ng4 19. h3 Ne3+ 20. Bxe3 dxe3 21. Nc3 Bd6 22. Nd5 Rae8 23. Nxb6+ Kc6 24. Nd5 f5 25. Rf1 g6 26. a5 Rhf8 27. a6 g5 28. a7 f4 29.
gxf4 gxf4 30. Ra6+ Kb7 31. Rxd6 Rg8+ 32. Kh2 Rg3 33.
Rb1+ Kxa7 34. Rd7+ Ka8 35. Nc7+ 1-0

[Event "Live Chess"]
[Site "Chess.com"]
[Date "2023.05.20"]
[Round "-"]
[White "YF22Raptor"]
[Black "minenko-1958"]
[Result "0-1"]
[WhiteElo "1014"]
[BlackElo "1422"]
[TimeControl "300"]
[EndTime "11:04:47 PDT"]
[Termination "minenko-1958 won by resignation"]

1. e4 e5 2. Nf3 Nc6 3. d4 exd4 4. Bc4 h6 5. O-O Bc5 6. a3 a6 7. b4 Ba7 8. Qd3 b5 9. Bb3 Ne5 10. Nxe5 Qf6 11. Nf3 d6 12. Rd1 Ne7 13. Nxd4 O-O 14. Bb2 Bg4 15. f3 Bh5 16. Ra2 Bg6 17. Kf1 Qg5 18. Bc1 Qh5 19. c4 Qxh2 20. cxb5 axb5 21. Be3 c6 22. Nd2 d5 23. Kf2 dxe4 24. fxe4 Qh4+ 25. Kg1 Nd5 26. N2f3 Qxe4 27. Qxe4 Bxe4 28. Nxc6 Bxe3+ 29. Kf1 Nc3 0-1

[Event "Live Chess"]
[Site "Chess.com"]
[Date "2023.05.20"]
[Round "-"]
[White "Ferrarifan27"]
[Black "onemoretime1975"]
[Result "1-0"]
[WhiteElo "2076"]
[BlackElo "1901"]
[TimeControl "300"]
[EndTime "11:04:59 PDT"]
[Termination "Ferrarifan27 won by checkmate"]

1. e4 e6 2. d4 d5 3. Nc3 Nf6 4.
Bg5 Be7 5. e5 Nfd7 6. Bxe7 Qxe7 7. Nf3 a6 8. Be2 c5 9. O-O Nc6 10. dxc5 Qxc5 11. Na4 Qa5 12. b3 Ncxe5 13. Qd4 Nxf3+ 14.
Bxf3 O-O 15. Rfe1 b5 16. Nb2 Qb6 17. Qh4 Bb7 18. Rad1 Rac8 19. Rd2 Qa5 20. Red1 Qxa2 21. Nd3 Qa5 22. b4 Qd8 23. Qg3 Qf6 24. Nf4 Ne5 25.
Be2 Ng6 26. Nh5 Qh4 27. Qb3 Ne5 28. Qb2 f6 29. g3 Qg5 30. Nf4 Rc6 31. h4 Qh6 32.
Kf1 g5 33. Ng2 gxh4 34. Nxh4 Nc4 35. Bxc4 Rxc4 36. Rd4 Rfc8 37. Rxc4 Rxc4 38. Rd4 Rxd4 39. Qxd4 Qc1+ 40. Kg2 e5 41. Qg4+ Kh8 42. Qd7 Qxc2 43. Nf5 Qe4+ 44. Kh2 Qg4 45. Qd8+ Qg8 46. Qxf6+ Qg7 47.
Qxg7# 1-0

[Event "Live Chess"]
[Site "Chess.com"]
[Date "2023.05.20"]
[Round "-"]
[White "wot-not"]
[Black "Hussamalhaidar"]
[Result "1-0"]
[WhiteElo "1463"]
[BlackElo "1006"]
[TimeControl "300"]
[EndTime "11:05:16 PDT"]
[Termination "wot-not won on time"]

1. e4 Nc6 2. f4 e5 3. Nf3 Nf6 4.
fxe5 Nxe4 5. d4 d5 6. Bd3 Bg4 7. O-O Qd7 8. c3 O-O-O 9. b4 h5 10. Qa4 Kb8 11. Bf4 h4 12. Bxe4 dxe4 13. Ng5 Nxd4 14. Qxd7 Ne2+ 15. Kh1 Rxd7 16. Na3 Nxf4 17. Rxf4 Rd1+ 18. Rxd1 Bxd1 19. Rxf7 g6 20. e6 Ba4 21.
e7 Bh6 22. Ne6 Rc8 23. Nc4 a6 24. Ne5 g5 25. Ng4 e3 26. Nd4 e2 27. Nxe2 Bd1 28. Nxh6 Bxe2 29. Rf8 Bb5 30. Rg8 Be8 31. Rxg5 Bc6 32. Nf5 Re8 33. Rh5 Bxg2+ 34. Kxg2 Rg8+ 35. Kf3 Re8 36. Rxh4 1-0

[Event "Live Chess"]
[Site "Chess.com"]
[Date "2023.05.20"]
[Round "-"]
[White "Daniel_Gliddon_FA"]
[Black "chessleanstrategist"]
[Result "1/2-1/2"]
[WhiteElo "1221"]
[BlackElo "400"]
[TimeControl "300"]
[EndTime "11:05:21 PDT"]
[Termination "Game drawn by repetition"]

1. e4 d6 2. d4 Nf6 3. Nc3 g6 4.
f4 Bg7 5. e5 Nfd7 6. Nf3 dxe5 7. fxe5 e6 8. Bc4 O-O 9. h4 f5 10. h5 h6 11. hxg6 c6 12. Bxh6 Bxh6 13. Rxh6 Kg7 14.
Qd2 Rh8 15. Rh7+ Rxh7 16. gxh7 Kxh7 17. O-O-O Qg8 18. Rh1+ Kg7 19. Ng5 Nf8 20. Rh7+ Nxh7 21. Nxh7 Qxh7 22. Qg5+ Qg6 23. Qe7+ Qf7 24. Qg5+ Qg6 25.
Qe7+ Qf7 26. Qg5+ Qg6 1/2-1/2

[Event "Live Chess"]
[Site "Chess.com"]
[Date "2023.05.20"]
[Round "-"]
[White "bristolunichess"]
[Black "aliciabutteriss"]
[Result "1-0"]
[WhiteElo "1814"]
[BlackElo "542"]
[TimeControl "300"]
[EndTime "11:05:23 PDT"]
[Termination "bristolunichess won on time"]

1. d4 d5 2. c4 Nf6 3. Nc3 Be6 4.
e3 g6 5. Nf3 Bg7 6. Bd3 dxc4 7.
Bc2 Nd5 8. e4 Nxc3 9. bxc3 O-O 10. h3 Nc6 11. Bd2 Qd6 12. d5 Ne5 13. dxe6 Qxe6 14. Nd4 Qd6 15. f4 Nf3+ 16. gxf3 Rad8 17. e5 Qd5 18. Be4 Qc5 19. Rg1 Qb6 20. Rb1 Qa5 21.
Rb5 Qxa2 22. Rxb7 f5 23. exf6 exf6 24. Ne6 Qa6 25. Nxd8 Rxd8 26. Rxc7 Qb6 27. Bd5+ Kh8 28. Rf7 Rf8 29. Rxf8+ Bxf8 30. Rg2 Qb5 31. Qc2 Qxd5 32.
Re2 Qc6 33. Re8 1-0

[Event "Live Chess"]
[Site "Chess.com"]
[Date "2023.05.20"]
[Round "-"]
[White "Delacorta"]
[Black "misha464"]
[Result "1-0"]
[WhiteElo "1423"]
[BlackElo "759"]
[TimeControl "300"]
[EndTime "11:05:29 PDT"]
[Termination "Delacorta won by resignation"]

1. d4 d5 2. Nf3 Nc6 3. e3 Bg4 4. h3 Bxf3 5. Qxf3 Nf6 6. c4 dxc4 7. Bxc4 e6 8. Nc3 Bb4 9. a3 Bxc3+ 10. bxc3 O-O 11.
O-O Ne7 12. e4 Qd7 13. Bg5 Qc6 14. Ba2 Rae8 15. Bxf6 gxf6 16. Qxf6 Qxc3 17. Rfc1 Qxa3 18. Bxe6 fxe6 19. Qg5+ Kh8 20. Rxa3 1-0

[Event "Live Chess"]
[Site "Chess.com"]
[Date "2023.05.20"]
[Round "-"]
[White "NAZRIZ1977"]
[Black "Tilbs_12"]
[Result "1-0"]
[WhiteElo "2152"]
[BlackElo "1575"]
[TimeControl "300"]
[EndTime "11:05:40 PDT"]
[Termination "NAZRIZ1977 won by resignation"]

1. c4 c5 2. g3 Nc6 3. Bg2 g6 4. Nf3 Bg7 5. O-O Nf6 6. Nc3 O-O 7.
d3 d6 8. a3 e5 9. Bg5 h6 10.
Bxf6 Bxf6 11. Rb1 a6 12. b4 b6 13. bxc5 bxc5 14. Nd2 Bd7 15. Nd5 Bg7 16. Nb6 Ra7 17. Nxd7 Qxd7 18. Ne4 Nd4 19. e3 Ne6 20. Nc3 Rb7 21. Rxb7 Qxb7 22. Bxb7 1-0

[Event "Live Chess"]
[Site "Chess.com"]
[Date "2023.05.20"]
[Round "-"]
[White "ViktorTheCoolBoy"]
[Black "MarkLim1"]
[Result "1-0"]
[WhiteElo "2543"]
[BlackElo "1611"]
[TimeControl "300"]
[EndTime "11:05:51 PDT"]
[Termination "ViktorTheCoolBoy won by resignation"]

1. e4 e6 2. d3 c5 3. g3 Nc6 4. Bg2 Nf6 5. Nf3 Be7 6. O-O O-O 7. Qe2 d5 8. Re1 b5 9. e5 Ne8 10. h4 a5 11. Nbd2 b4 12. Nf1 a4 13. a3 bxa3 14. bxa3 Ba6 15. N1h2 c4 16. d4 c3 17. Qe3 Qa5 18.
Ng4 Nc7 19. h5 Nb5 20. h6 g6 21. Qf4 Qb6 22. Nf6+ Kh8 23. Nd7 Qa7 24. Nxf8 Rxf8 25. Ng5 Nbxd4 26. Be3 Bc5 27. Qf6+ 1-0

[Event "Live Chess"]
[Site "Chess.com"]
[Date "2023.05.20"]
[Round "-"]
[White "Brooms1989"]
[Black "garyjc"]
[Result "0-1"]
[WhiteElo "1008"]
[BlackElo "1041"]
[TimeControl "300"]
[EndTime "11:05:57 PDT"]
[Termination "garyjc won by checkmate"]

1. e4 c5 2. Nc3 d6 3. f4 Nc6 4.
Bb5 a6 5. Bxc6+ bxc6 6. Nf3 Bg4 7.
O-O d5 8. exd5 cxd5 9. h3 Bf5 10. d3 e6 11. Qe1 Bd6 12. Qg3 Nf6 13. Ne5 Nh5 14.
Qh4 Nf6 15. g4 Nxg4 16. hxg4 Qxh4 17. gxf5 Qg3+ 18. Kh1 Bxe5 19. Rg1 Qh3# 0-1

[Event "Live Chess"]
[Site "Chess.com"]
[Date "2023.05.20"]
[Round "-"]
[White "Ayush_prahlad_Gupta"]
[Black "Kr1xot4_XGOD"]
[Result "0-1"]
[WhiteElo "1820"]
[BlackElo "2217"]
[TimeControl "300"]
[EndTime "11:06:01 PDT"]
[Termination "Kr1xot4_XGOD won by checkmate"]

1. e4 c5 2. Nc3 e6 3. Bc4 Nf6 4. Nf3 a6 5. a4 d5 6. exd5 exd5 7.
Ba2 Be6 8. h3 Bd6 9. Ng5 O-O 10.
O-O Nc6 11. Ne2 Bd7 12. Ng3 h6 13. Nf3 Re8 14. d3 b5 15. Bd2 bxa4 16. Qc1 c4 17. Bxh6 gxh6 18. Qxh6 Ne5 19. dxc4 Nxf3+ 20. gxf3 Bf8 21.
Qg5+ Bg7 22. cxd5 Nh7 23. Qh5 Re5 24. Qxe5 Bxe5 25. Kh2 Ng5 26. Rae1 Nxf3+ 27. Kg2 Nxe1+ 28. Rxe1 Bxb2 29. Kf3 Qf6+ 30. Kg2 Bd4 31. Ne4 Qf5 32. Rg1 Qxh3# 0-1

[Event "Live Chess"]
[Site "Chess.com"]
[Date "2023.05.20"]
[Round "-"]
[White "Reggie016"]
[Black "lucaskk818"]
[Result "0-1"]
[WhiteElo "1072"]
[BlackElo "1885"]
[TimeControl "300"]
[EndTime "11:06:04 PDT"]
[Termination "lucaskk818 won by resignation"]

1. e4 c5 2. c3 d5 3. exd5 Qxd5 4. d4 e6 5. Nf3 Nf6 6. c4 Qd8 7. Nc3 h6 8. Be2 Be7 9. O-O O-O 10. d5 exd5 11.
cxd5 Bd6 12. Nb5 a6 13. Nxd6 Qxd6 14. h3 Qxd5 15. Qxd5 Nxd5 16. Bc4 Be6 17. Ne5 b5 18. Be2 Rd8 19. Be3 Nxe3 20. fxe3 c4 21. Rad1 Nd7 22.
Nxd7 Rxd7 23. Rxd7 Bxd7 24. Rd1 Be6 25. Rd6 Kf8 26.
Bf3 Ra7 27. Bc6 Ke7 28. Rd1 Rc7 29. Ba8 c3 30. bxc3 Rxc3 31. Bb7 Rc2 32. Bxa6 Bc4 33. Bc8 Rxa2 34. Rd7+ Kf6 35. Rd6+ Be6 36. Kf1 Ke7 37.
Rc6 Bxc8 38. Rxc8 b4 39. Rb8 Rb2 40. g4 b3 41. e4 Rb1+ 42. Ke2 b2 43. Rb7+ Kf6 44.
Rb6+ Kg5 45. Rb5+ Kg6 46. Rb6+ f6 47. h4 Rg1 48. h5+ Kh7 49. Rxb2 Rg2+ 0-1

[Event "Live Chess"]
[Site "Chess.com"]
[Date "2023.05.20"]
[Round "-"]
[White "Conradical12"]
[Black "Albul"]
[Result "1/2-1/2"]
[WhiteElo "1547"]
[BlackElo "2164"]
[TimeControl "300"]
[EndTime "11:06:05 PDT"]
[Termination "Game drawn - insufficient material"]

1. e4 d5 2. exd5 Nf6 3. Nf3 Nxd5 4. Bc4 Bg4 5. O-O e6 6. Nc3 Nb6 7. Bb3 c5 8. d3 Nc6 9. Bf4 Nd4 10. h3 Nxf3+ 11.
gxf3 Bxh3 12. Re1 Bd6 13. Qd2 O-O 14. Ne4 Be7 15. Qe3 Rc8 16. Ng5 Bxg5 17. Bxg5 Nd5 18.
Qe5 Qc7 19. Bxd5 Qxe5 20. Rxe5 f6 21. Bxe6+ Bxe6 22. Rxe6 fxg5 23. Re7 Rf7 24. Rae1 Kf8 25. Rxf7+ Kxf7 26. Re5 Kf6 27. Rd5 Rc7 28. Kg2 h5 29. Kg3 b6 30. f4 gxf4+ 31. Kxf4 Rf7 32. Rf5+ Kg6 33. Rxf7 Kxf7 34. Kg5 g6 35. f4 Ke6 36. c3 Kd5 37. f5 gxf5 38. Kxf5 c4 39. d4 b5 40. a3 a5 41. Kg5 b4 42. axb4 axb4 43.
cxb4 Kxd4 44. Kxh5 Kd5 45. Kg4 Kc6 46. Kf4 Kb5 47.
Ke3 Kxb4 48. Kd2 Kb3 49. Kc1 Ka4 50. Kc2 Kb4 51. Kc1 Kb3 52. Kb1 c3 53. bxc3 Kxc3 1/2-1/2

[Event "Live Chess"]
[Site "Chess.com"]
[Date "2023.05.20"]
[Round "-"]
[White "Salpingidis"]
[Black "mattihelenius2"]
[Result "1-0"]
[WhiteElo "2308"]
[BlackElo "450"]
[TimeControl "300"]
[EndTime "11:06:05 PDT"]
[Termination "Salpingidis won by resignation"]

1. d4 d5 2. c4 c6 3. Nc3 Nf6 4.
Nf3 Bg4 5. e3 Bxf3 6. Qxf3 Nbd7 7.
cxd5 cxd5 8. Nxd5 Nxd5 9. Qxd5 Nb6 10. Bb5+ Qd7 11. Bxd7+ Nxd7 12. Qxb7 Rd8 13. Bd2 g6 14. Rc1 Bg7 15. Rc8 f6 16. Rxd8+ Kxd8 17. Qa8+ Kc7 18. Qxa7+ Kd6 19. Ke2 Ke6 20. d5+ Kf7 21. Qxd7 Rf8 22.
Bb4 Re8 23. Rc1 Bf8 24. Rc8 Rxc8 25. Qxc8 Kg7 26. Qe6 Kh6 27. Bxe7 Bxe7 28. Qxe7 f5 29. d6 Kh5 30. d7 Kg4 31. h3+ Kh5 32. d8=Q 1-0

[Event "Live Chess"]
[Site "Chess.com"]
[Date "2023.05.20"]
[Round "-"]
[White "matt1979"]
[Black "f4nomore"]
[Result "1-0"]
[WhiteElo "1437"]
[BlackElo "1361"]
[TimeControl "300"]
[EndTime "11:06:12 PDT"]
[Termination "matt1979 won by resignation"]

1. f4 g6 2. Nf3 Bg7 3. e3 d6 4. d3 Nf6 5. Be2 O-O 6. e4 Nbd7 7. O-O a6 8. f5 c5 9. Qe1 Ng4 10. h3 Nge5 11. Qh4 Nxf3+ 12. Bxf3 e5 13. Qg3 b5 14. h4 Nf6 15. h5 Nxh5 16. Bxh5 gxh5 17. Bh6 Qf6 18. Bxg7 Qxg7 19. Qh4 Qh6 20. Rf3 Kh8 21. Nc3 Bd7 22. Nd5 Rg8 23. Nf6 Rg4 24. Nxg4 Rg8 25. Nxh6 1-0

[Event "Live Chess"]
[Site "Chess.com"]
[Date "2023.05.20"]
[Round "-"]
[White "McSlash1"]
[Black "Fazer180"]
[Result "1-0"]
[WhiteElo "2063"]
[BlackElo "1726"]
[TimeControl "300"]
[EndTime "11:06:13 PDT"]
[Termination "McSlash1 won by resignation"]

1. e4 e6 2. d4 d5 3. Nd2 c5 4.
dxc5 Bxc5 5. Bd3 Nc6 6. c3 Nf6 7. Qe2 Qb6 8. Ngf3 O-O 9. O-O dxe4 10. Nxe4 Nxe4 11. Qxe4 f5 12. Qh4 Be7 13. Bg5 Qd8 14.
Rad1 Qc7 15. Rfe1 Bxg5 16. Nxg5 g6 17. Bc4 Nd8 18. Rxd8 Rxd8 19. Bxe6+ Bxe6 20. Nxe6 Qd6 21. Nxd8 Rxd8 22. h3 Qd2 23. Qe7 Rd7 24. Qe8+ Kg7 25. Re2 Qd1+ 26. Kh2 Qd6+ 27. g3 f4 28. Kg2 Qc6+ 29.
Kh2 fxg3+ 30. fxg3 Qd6 31. Qe3 b6 32. Rf2 Rf7 33. Re2 Qf6 34. Kg2 Qc6+ 35. Qe4 Qf6 36. Qe5 Kf8 37. Qxf6 Rxf6 38. Rf2 Kf7 39. Rxf6+ Kxf6 40. Kf3 Ke5 41. Ke3 g5 42. b4 h5 43. c4 a6 44. a4 Kf5 45. Kf3 h4 46. g4+ Ke5 47.
Ke3 a5 48. b5 Ke6 49. Ke4 Kd6 50. Kd4 Ke6 51. c5 bxc5+ 52. Kxc5 Ke5 53. b6 Kf4 54. b7 Kg3 55. b8=Q+ Kxh3 56. Kd4 Kxg4 57. Ke3 Kh3 58. Kf2 g4 59. Qa8 g3+ 60. Kf1 Kg4 61. Qc8+ Kf3 62.
Qf5+ Ke3 63. Kg2 1-0

[Event "Live Chess"]
[Site "Chess.com"]
[Date "2023.05.20"]
[Round "-"]
[White "18Ziyad"]
[Black "diana21strabt"]
[Result "0-1"]
[WhiteElo "953"]
[BlackElo "1709"]
[TimeControl "300"]
[EndTime "11:06:30 PDT"]
[Termination "diana21strabt won by resignation"]

1. e4 d5 2. exd5 Qxd5 3. Nc3 Qa5 4. Nf3 Nf6 5. d4 Bg4 6. Bd2 Nc6 7. Ne4 Qf5 8. Nxf6+ Qxf6 9. Be2 O-O-O 10. c3 e5 11.
Be3 exd4 12. cxd4 Bb4+ 13. Nd2 Bxe2 14. Kxe2 Rhe8 15. Re1 Nxd4+ 16. Kf1 Bxd2 17. Qxd2 Nb3 18. Qc2 Nxa1 19. Rxa1 h6 20. Rc1 Rd7 21. g3 Qa6+ 22.
Kg1 Qxa2 23. Bf4 c6 24. Be3 Qd5 25. Bxa7 Qa5 26. Be3 f5 27. Qxf5 Qxf5 0-1

[Event "Live Chess"]
[Site "Chess.com"]
[Date "2023.05.20"]
[Round "-"]
[White "viktorskliarov"]
[Black "xx_blindpuffin_xx"]
[Result "1-0"]
[WhiteElo "2650"]
[BlackElo "2190"]
[TimeControl "300"]
[EndTime "11:06:35 PDT"]
[Termination "viktorskliarov won by resignation"]

1. e4 c6 2. d4 d5 3. e5 Bf5 4.
Nf3 e6 5. Be2 Ne7 6. O-O h6 7.
a4 c5 8. c3 Nec6 9. Na3 Be7 10.
Nc2 O-O 11. Ne3 Bh7 12. Bd3 Bxd3 13. Qxd3 Nd7 14. Bd2 Rc8 15. b3 cxd4 16. cxd4 Nb4 17. Bxb4 Bxb4 18. Rac1 Qa5 19. h4 Ba3 20. Rxc8 Rxc8 21.
Rb1 Rc3 22. Qd1 b5 23. h5 bxa4 24. bxa4 Nb6 25. Kh2 Qxa4 26. Rxb6 Qxd1 27. Rb8+ Bf8 28. Nxd1 Rc1 29. Ne3 a5 30. Ra8 Ra1 31. Nd2 a4 32. Nb3 Ra2 33. Nc5 1-0

[Event "Live Chess"]
[Site "Chess.com"]
[Date "2023.05.20"]
[Round "-"]
[White "ClassyChameleon"]
[Black "tpm07"]
[Result "0-1"]
[WhiteElo "1074"]
[BlackElo "1950"]
[TimeControl "300"]
[EndTime "11:06:48 PDT"]
[Termination "tpm07 won by checkmate"]

1. e4 c5 2. Nf3 Nc6 3. Bc4 e6 4.
c3 Nf6 5. d3 d5 6. exd5 exd5 7.
Bb3 Be7 8. O-O O-O 9. c4 d4 10. Nbd2 Bf5 11. Bc2 Nb4 12. Ne4 Bg4 13. Nxf6+ Bxf6 14. Bd2 Nxc2 15. Qxc2 Bxf3 16. gxf3 Qd7 17. Bf4 Qh3 18. Qe2 Rfe8 19. Qxe8+ Rxe8 20. Rfe1 Rxe1+ 21. Rxe1 h6 22. Bg3 Qf5 23. Re8+ Kh7 24. Ra8 Qxd3 25. Rxa7 Qxc4 26. Rxb7 d3 27. b3 Qc1+ 28. Kg2 d2 29. Rxf7 d1=Q 30. Rc7 Qf1# 0-1

[Event "Live Chess"]
[Site "Chess.com"]
[Date "2023.05.20"]
[Round "-"]
[White "Richardallis"]
[Black "MaximKris"]
[Result "1/2-1/2"]
[WhiteElo "1677"]
[BlackElo "1869"]
[TimeControl "300"]
[EndTime "11:06:55 PDT"]
[Termination "Game drawn by repetition"]

1. d4 d5 2. Nf3 Nf6 3. Bg5 Bf5 4.
c3 h6 5. Bxf6 exf6 6. Nbd2 Bd6 7. e3 Nd7 8. Be2 O-O 9. O-O Re8 10. Re1 Be4 11. Nxe4 dxe4 12. Nd2 c5 13. f4 exf3 14. Bxf3 cxd4 15. exd4 Rxe1+ 16. Qxe1 Qb6 17. Nc4 Qc7 18.
Nxd6 Qxd6 19. Qe4 Rb8 20. Re1 b5 21. a3 a5 22. Qe7 Qxe7 23. Rxe7 Nb6 24. Bc6 Nc4 25.
Re8+ Rxe8 26. Bxe8 Nxb2 27. Bxb5 Nd1 28. c4 Nc3 29.
Bc6 Ne2+ 30. Kf2 Nxd4 31. Bd7 Kf8 32. a4 Ke7 33. Bb5 Kd6 34. Ke3 Kc5 35. Kd3 Ne6 36. g3 Kb4 37. Ke4 Nc5+ 38. Kd5 g5 39. g4 Nd3 40. Be8 Nf4+ 41. Kd4 Ne6+ 42. Kd3 Nd8 43. Bd7 Nb7 44. Be8 Nc5+ 45. Kd4 Ne6+ 46. Kd3 Nf4+ 47. Kd4 Ne2+ 48. Kd5 Nf4+ 49. Kd4 1/2-1/2

[Event "Live Chess"]
[Site "Chess.com"]
[Date "2023.05.20"]
[Round "-"]
[White "AttackingSnowLeopard"]
[Black "Doge_Dandolo"]
[Result "1/2-1/2"]
[WhiteElo "2116"]
[BlackElo "2122"]
[TimeControl "300"]
[EndTime "11:07:03 PDT"]
[Termination "Game drawn by agreement"]

1. Nf3 Nf6 2. d4 d5 3. c4 c6 4. e3 a6 5. b3 Bf5 6. Bd3 Bg6 7. Nc3 e6 8. Bb2 Bd6 9. O-O Nbd7 10. Qc2 Qb8 11. h3 Bxd3 12. Qxd3 O-O 13. e4 dxe4 14. Nxe4 Nxe4 15. Qxe4 Nf6 16. Qh4 Re8 17. d5 exd5 18. Bxf6 gxf6 19. cxd5 Be5 20. Rae1 cxd5 21. Nxe5 fxe5 22. Qg5+ Kf8 23. Qh6+ Kg8 24. Qg5+ Kf8 25.
Qh6+ Kg8 1/2-1/2

[Event "Live Chess"]
[Site "Chess.com"]
[Date "2023.05.20"]
[Round "-"]
[White "Driftboard"]
[Black "booktrunk"]
[Result "0-1"]
[WhiteElo "693"]
[BlackElo "1335"]
[TimeControl "300"]
[EndTime "11:07:23 PDT"]
[Termination "booktrunk won by checkmate"]

1. e4 d5 2. exd5 Qxd5 3. Nc3 Qe6+ 4. Qe2 Qxe2+ 5. Bxe2 c6 6. Nf3 Bf5 7. d3 e6 8. Bf4 Nf6 9. Bxb8 Rxb8 10. Nd4 Bg6 11. O-O h5 12. h3 Bc5 13. Nf3 O-O 14. Ne5 Bh7 15. Bxh5 Nxh5 16. Nd7 Rbd8 17. Nxf8 Kxf8 18. Ne4 Bb6 19. Rfe1 Nf4 20. Kh2 Bc7 21. g3 Nd5 22. Nc5 b6 23. Ne4 Nb4 24. Rec1 Bxe4 25. dxe4 Rd2 26. c3 Na6 27. b3 Rxf2+ 28. Kg1 Rf3 29. Kg2 Rxg3+ 30. Kf2 Rxh3 31. Rd1 Rxc3 32. Rd7 Ke8 33.
Rad1 Rc2+ 34. Kf3 Rxa2 35. Ke3 Ra3 36. R7d3 Ra2 37. R1d2 Rxd2 38. Rxd2 Ke7 39. Rg2 g6 40. e5 Bxe5 41. Ke4 Bd6 42. Rc2 Nc5+ 43. Ke3 Kd7 44.
b4 Nb7 45. Rb2 Be5 46. b5 Bxb2 47. bxc6+ Kxc6 48. Kd3 Be5 49. Ke4 f6 50. Ke3 a5 51.
Kd3 g5 52. Ke3 a4 53. Kd3 g4 54. Ke3 a3 55. Kd3 g3 56. Kc2 g2 57. Kb3 g1=Q 58.
Kxa3 Qc5+ 59. Kb3 f5 60. Ka4 f4 61. Kb3 Bd6 62. Ka4 f3 63. Kb3 f2 64. Kb2 f1=Q 65. Kb3 Qe3+ 66. Kb2 Qff2+ 67. Kb1 Qee1# 0-1

[Event "Live Chess"]
[Site "Chess.com"]
[Date "2023.05.20"]
[Round "-"]
[White "JoshMcK"]
[Black "Vladyslav2008"]
[Result "0-1"]
[WhiteElo "1535"]
[BlackElo "2173"]
[TimeControl "300"]
[EndTime "11:07:30 PDT"]
[Termination "Vladyslav2008 won by resignation"]

1. e4 c5 2. c3 e6 3. d4 cxd4 4. cxd4 d5 5. exd5 exd5 6. Nc3 Nf6 7. Nf3 Nc6 8. Bb5 Bd6 9. O-O O-O 10. Bg5 a6 11. Ba4 b5 12. Bc2 Be6 13. Bxf6 Qxf6 14. Qd3 g6 15. Rfe1 Nb4 16. Qd2 Nxc2 17. Qxc2 Bg4 18.
Ne5 Bf5 19. Qd2 b4 20. Nxd5 Qd8 21. Nxb4 Re8 22. Nf3 Qa5 23. a3 Bg4 24. Ne5 Bxe5 25. dxe5 Rxe5 26. f3 Be6 27. Rxe5 Qxe5 28. Nc6 Qc5+ 29.
Nd4 Rd8 30. Rd1 Bb3 31. Qc3 Qxc3 32. bxc3 Bxd1 33. Kf2 Rc8 0-1

[Event "Live Chess"]
[Site "Chess.com"]
[Date "2023.05.20"]
[Round "-"]
[White "Olisingapore"]
[Black "peter-785"]
[Result "1-0"]
[WhiteElo "1914"]
[BlackElo "1168"]
[TimeControl "300"]
[EndTime "11:07:37 PDT"]
[Termination "Olisingapore won on time"]

1. d4 d5 2. c4 c6 3. Nf3 e6 4. g3 Nf6 5. Bg2 Be7 6. Qb3 O-O 7. O-O Nbd7 8. Nc3 a6 9. Re1 b5 10. c5 Re8 11. e4 Nxe4 12. Nxe4 dxe4 13. Rxe4 Nf6 14.
Rf4 Qc7 15. Ne5 Bb7 16. Be3 Rad8 17. Rd1 Rf8 18. Qc2 Nd5 19. Bxd5 exd5 20. Rf3 Bc8 21. Bf4 Qb7 22. Re1 f5 23. Nxc6 Qxc6 24. Rxe7 Rde8 25.
Rc7 Qe6 26. Be5 Re7 27. Rxe7 Qxe7 28. c6 Be6 29. c7 Rc8 30. Qc6 Kf7 31. Ra3 Bd7 32.
Qd6 Qxd6 33. Bxd6 Kf6 34. Rxa6 Re8 35. f4 Kf7 36. Be5 h6 37. Rd6 Bc8 38. Rb6 Kg8 39.
Rxb5 Kh7 40. Rxd5 Rf8 41. Ra5 1-0

[Event "Live Chess"]
[Site "Chess.com"]
[Date "2023.05.20"]
[Round "-"]
[White "lightningorderyt"]
[Black "TDCMF"]
[Result "1-0"]
[WhiteElo "558"]
[BlackElo "362"]
[TimeControl "300"]
[EndTime "11:07:38 PDT"]
[Termination "lightningorderyt won by checkmate"]

1. d4 d5 2. c4 Bf5 3. Nc3 Nc6 4. Bf4 Nf6 5. e3 Nb4 6. Rc1 Bc2 7. Rxc2 Nxc2+ 8.
Qxc2 e6 9. Bd3 Ng4 10. Nf3 f6 11. O-O g5 12. Bg3 f5 13. Ne5 Nxe5 14. Bxe5 Rg8 15.
Qb3 g4 16. Qxb7 Rg6 17. Bxc7 Qh4 18. Qxa8+ Ke7 19. Qxa7 Rh6 20. Bg3+ Kf6 21. Bxh4+ Rxh4 22. g3 Rh3 23. Qa8 Bh6 24. c5 f4 25. exf4 Bxf4 26. gxf4 Rxd3 27. Qf8+ Kg6 28. Qe8+ Kf5 29. c6 Kxf4 30. c7 Kf3 31. Qf8# 1-0